 Dungeon Crawl Stone Soup version 0.22-a0-407-gb098539 (webtiles) character file.

92353 Mgcat the Warrior (level 15, -4/132 HPs)
             Began as a Demonspawn Abyssal Knight on May 9, 2018.
             Was the Champion of Lugonu.
             Succumbed to a green ugly thing's poison
             ... on level 14 of the Dungeon.
             The game lasted 01:32:05 (28386 turns).

Mgcat the Warrior (Demonspawn Abyssal Knight)      Turns: 28386, Time: 01:32:06

Health: -4/132     AC: 19    Str: 24    XL:     15   Next: 57%
Magic:  4/25       EV: 13    Int: 13    God:    Lugonu [******]
Gold:   391        SH:  0    Dex: 18    Spells: 14/14 levels left

rFire    + . .     SeeInvis .   n - +4 great mace (venom)
rCold    . . .     Gourm    .   (shield currently unavailable)
rNeg     . . .     Faith    .   t - +5 ring mail of Levity {Dex+4}
rPois    .         Spirit   +   R - +2 hat
rElec    .         Reflect  .   k - scarf {Spirit}
rCorr    .         Harm     .   h - +2 pair of gloves
MR       +....                  (boots unavailable)
Stlth    +.........             e - amulet of the acrobat
HPRegen  0.32/turn              T - +6 ring of strength
MPRegen  0.19/turn              s - ring of protection from fire {rF+, !d}

@: lethally poisoned (-4 -> -68), slowed, very slow
A: hooves 3, slimy green scales 1, foul stench 2, rot immunity
a: Depart the Abyss, Bend Space, Banish, Corrupt, Enter the Abyss, Brand Weapon
With Distortion, Renounce Religion


You were on level 14 of the Dungeon.
You worshipped Lugonu.
Lugonu was exalted by your worship.
You were not hungry.

You visited 3 branches of the dungeon, and saw 22 of its levels.
You visited the Abyss 1 time.
You also visited: Labyrinth and Volcano.

You collected 2292 gold pieces.
You spent 1901 gold pieces at shops.

Inventory:

Hand Weapons
 l - a +6 mace of protection
   (You found it on level 2 of the Dungeon)
 n - a +4 great mace of venom (weapon)
   (You took it off an orc knight on level 2 of the Orcish Mines)
Missiles
 H - a throwing net {=f, !d}
Armour
 h - a +2 pair of gloves (worn)
   (You found it on level 1 of the Dungeon)
 k - a scarf of spirit shield (worn)
   (You found it on level 2 of the Dungeon)
 t - the +5 ring mail of Levity (worn) {Dex+4}
   (You bought it in a shop on level 2 of the Orcish Mines)

   It affects your dexterity (+4).
 R - a +2 hat (worn)
   (You found it on level 6 of the Lair of Beasts)
Magical Staves
 W - an uncursed staff of earth
   (You found it on level 5 of the Lair of Beasts)
Jewellery
 b - the ring "Qoam" {rN+ Int+2}
   (You found it on level 6 of the Lair of Beasts)

   [ring of positive energy]

   It affects your intelligence (+2).
   It protects you from negative energy.
 e - an amulet of the acrobat (around neck)
   (You found it on level 2 of the Dungeon)
 s - a ring of protection from fire (right hand) {rF+, !d}
   (You found it on level 4 of the Dungeon)
 y - an uncursed ring of flight {+Fly, !d}
   (You found it on level 7 of the Dungeon)
 J - an uncursed ring of resist corrosion
   (You found it on level 10 of the Dungeon)
 T - a +6 ring of strength (left hand)
   (You found it on level 4 of the Lair of Beasts)
Wands
 m - a wand of acid (2)
   (You found it in a labyrinth)
Scrolls
 a - 3 scrolls of remove curse
 d - a scroll of blinking {!r}
 i - 13 scrolls of identify
 o - 6 scrolls of teleportation
 q - 2 scrolls of amnesia
 r - a scroll of enchant weapon
 z - 3 scrolls of fog
 B - a scroll of noise {!r}
 O - 4 scrolls of magic mapping {!r}
 U - 3 scrolls of enchant armour
Potions
 f - 4 potions of brilliance
 g - a potion of resistance
 j - 3 potions of flight
 p - 2 potions of magic {unknown}
 u - a potion of invisibility
 w - 6 potions of lignification {!q}
 G - 3 potions of mutation {!q}
 M - a potion of experience {unknown}
Miscellaneous
 x - a fan of gales (inert)
   (You found it on level 14 of the Dungeon)
Comestibles
 c - 38 rations


   Skills:
 + Level 16.3 Fighting
 + Level 14.2 Maces & Flails
 + Level 10.8 Armour
 + Level 3.1 Dodging
   Level 4.0 Shields
 - Level 13.3 Invocations


You had 14 spell levels left.
You didn't know any spells.

Dungeon Overview and Level Annotations

Branches:
Dungeon (14/15)            Temple (0/1) D:7            Lair (6/6) D:10
  Swamp (0/4) Lair:4       Spider (0/4) Lair:2        Slime (0/5) Lair:5
    Orc (2/2) D:12            Elf (0/3) Orc:2
 Vaults: D:13-14

Altars:
Ashenzari
Cheibriados
Dithmenos
Fedhas
Gozag
Kikubaaqudgha
Nemelex Xobeh
Okawaru
Qazlal
Ru
Uskayaw
Vehumet
Wu Jian
Yredelemnul
Jiyva

Shops:
D:9 }   D:13 }   Orc:2 *?=[

Portals:
Trove: D:12 (give 19 scrolls of identify)

Annotations:
D:8 exclusion: statue
D:13 exclusion: obsidian statue


Innate Abilities, Weirdness & Mutations

You have hooves in place of feet.
You are partially covered in slimy green scales. (AC +2)
You frequently emit foul miasma when damaged in melee.
You are immune to rotting.


Message History

The human hits the green ugly thing!
The green ugly thing dies!
The human looks more experienced.
The green ugly thing basks in the mutagenic energy from its kin and changes!
You thump the purple ugly thing!
You kill the purple ugly thing!
Lugonu accepts your kill.
The green ugly thing basks in the mutagenic energy from its kin and changes!
The green ugly thing closely misses you.
You hit the green ugly thing.
You kick the green ugly thing, but do no damage.
The green ugly thing is lightly wounded.
The green ugly thing trunk-slaps you but does no damage.
The green ugly thing looks sick.
You bludgeon the green ugly thing!! You kick the green ugly thing.
The green ugly thing is heavily wounded.
The green ugly thing trunk-slaps you.
You are poisoned.
The green ugly thing poisons you!
The green ugly thing trunk-slaps you but does no damage.
You sock the green ugly thing! You kick the green ugly thing.
The green ugly thing is severely wounded.
You feel very sick.
The green ugly thing trunk-slaps you but does no damage.
You closely miss the green ugly thing.
You kick the green ugly thing, but do no damage.
The green ugly thing is severely wounded.
You feel very sick.
The cyan ugly thing basks in the mutagenic energy from its kin and changes!
The green ugly thing trunk-slaps you but does no damage.
The green ugly thing closely misses you.
You bludgeon the green ugly thing!!
You kill the green ugly thing!
Lugonu accepts your kill.
You feel very sick.
The green ugly thing basks in the mutagenic energy from its kin and changes!
You are confused.
You feel invigorated.
You feel very sick. The green ugly thing trunk-slaps you.
* * * LOW HITPOINT WARNING * * *
You are lethally poisoned!
The green ugly thing poisons you!
The green ugly thing looks sick.
You bump into the rock wall.
* * * LOW HITPOINT WARNING * * *
You feel extremely sick.
The green ugly thing trunk-slaps you but does no damage.
You bump into the rock wall.
* * * LOW HITPOINT WARNING * * *
You feel extremely sick.
The green ugly thing trunk-slaps you but does no damage.
The green ugly thing barely misses you.
* * * LOW HITPOINT WARNING * * *
You feel very sick.
You sock the green ugly thing! Your kick misses the green ugly thing.
The green ugly thing is lightly wounded.
You feel very sick. The green ugly thing trunk-slaps you.
* * * LOW HITPOINT WARNING * * *
The green ugly thing misses you.
You miss the green ugly thing. You kick the green ugly thing!
The green ugly thing is moderately wounded.
You feel less invigorated.
You feel less confused.
You feel very sick.
You sock the green ugly thing! Your kick misses the green ugly thing.
The green ugly thing is heavily wounded.
You feel very sick.
The green ugly thing trunk-slaps you but does no damage.
The cyan ugly thing barely misses you. The green ugly thing misses you.
Your magical contamination has completely faded away.
You sock the green ugly thing!
The green ugly thing is poisoned.
The green ugly thing is heavily wounded.
You feel very sick. The cyan ugly thing misses you.
The green ugly thing closely misses you.
The cyan ugly thing claws you.
* * * LOW HITPOINT WARNING * * *
The cyan ugly thing shocks you!
* * * LOW HITPOINT WARNING * * *
The cyan ugly thing looks sick.
You barely miss the green ugly thing. Your kick misses the green ugly thing.
The green ugly thing is severely wounded.
* * * LOW HITPOINT WARNING * * *
You feel very sick. The green ugly thing trunk-slaps you.
* * * LOW HITPOINT WARNING * * *
You are more poisoned.
The green ugly thing poisons you! The cyan ugly thing claws you!
* * * LOW HITPOINT WARNING * * *
The cyan ugly thing shocks you!
* * * LOW HITPOINT WARNING * * *
The green ugly thing closely misses you.
Okay, then.
Unknown command.
Okay, then.
Okay, then.
Okay, then.
Space bends around you!
You blink.
You die...

########## ########
#.........
#......######
#.........
#.####......#
#.......>.
##...#u###.@.......
#...#§u†..........
####...####....†.....
#.........#####......
.'...###...'...#.#.###
..#.........#...#....#
# ####...####...####.#
#...#....#....# #
#...'...###...#


You could see a cyan ugly thing.

Vanquished Creatures
  Frances (D:14)
  Kirke (D:14)
  An orc warlord (Orc:1)
  A stone giant (Orc:2)
  A minotaur (Lab)
  An ettin (Orc:1)
  A fire dragon (Volcano)
  Fannar (Lair:2)
  4 vault guards (D:14)
  6 hydras
  5 centaur warriors
  A catoblepas (D:14)
  3 two-headed ogres
  A queen ant (Lair:2)
  A hell hog (Volcano)
  The ghost of galech the Protected, a novice GnWn of Okawaru (D:9)
  9 death yaks
  A shock serpent (shapeshifter) (D:14)
  4 orc high priests (Orc:2)
  Nergalle (D:10)
  An unseen horror (D:12)
  A wizard (D:14)
  6 orc knights
  2 ugly things (D:14)
  2 oklob plants
  4 cyclopes
  2 centaur zombies
  8 elephants (Lair:6)
  4 black mambas
  4 centaur skeletons
  5 gargoyles
  2 molten gargoyles (Volcano)
  11 spiny frogs
  5 komodo dragons
  3 trolls
  A jumping spider (Lair:2)
  3 tengu conjurers
  10 polar bears
  A wolf spider simulacrum (D:14)
  3 raiju (Lair:6)
  15 slime creatures
  16 blink frogs
  12 hippogriffs
  A redback (Lair:2)
  A tarantella (shapeshifter) (D:14)
  A shadow (D:13)
  Eustachio (D:6)
  31 yaks
  A vampire (D:13)
  A hog (D:14)
  Sigmund (D:6)
  2 wraiths
  2 basilisks (Lair:1)
  6 fire bats (Volcano)
  4 wyverns
  3 hungry ghosts
  A steam dragon (Volcano)
  An insubstantial wisp (Lair:4)
  5 wargs
  7 soldier ants (Lair:2)
  16 hell hounds
  Duvessa (D:4)
  4 porcupines
  9 water moccasins
  5 sky beasts
  36 orc warriors
  12 black bears
  An eye of draining (D:14)
  4 ice beasts
  2 gnoll sergeants
  8 ogres
  A phantom (D:4)
  18 wolves
  A necrophage (D:14)
  5 crocodiles
  24 centaurs
  A big kobold (D:12)
  20 bullfrogs
  Blork the orc (D:6)
  A wyvern skeleton (D:11)
  4 scorpions
  Dowan (D:4)
  4 killer bees (D:10)
  4 wights (D:7)
  5 howler monkeys
  6 crimson imps
  6 lava snakes (Volcano)
  3 bullfrog zombies
  A quasit (D:7)
  9 hounds
  25 orc wizards
  31 orc priests
  2 bullfrog skeletons
  4 jellies
  An iguana (D:4)
  32 worker ants
  2 hound skeletons
  19 gnolls
  9 adders
  4 shadow imps
  6 oozes
  2 adder skeletons
  An adder zombie (D:7)
  2 worms
  2 leopard geckos
  69 orcs
  2 giant cockroaches
  7 hobgoblins
  3 jackals (D:5)
  5 quokkas
  3 ball pythons
  4 bats
  5 frilled lizards
  6 goblins
  3 kobolds (D:12)
  A leopard gecko zombie (D:6)
  A quokka skeleton (D:9)
  A quokka zombie (D:8)
  5 rats
  2 plants
707 creatures vanquished.

Vanquished Creatures (collateral kills)
  The ghost of iamserjio the Protected, a journeyman GrGl of Uskayaw (Lair:6)
  A komodo dragon (Lair:6)
  3 worker ants (Lair:2)
  A plant (Lair:2)
6 creatures vanquished.

Vanquished Creatures (others)
  An orc high priest (Orc:2)
  2 orc knights (Orc:2)
  An ugly thing (D:14)
  4 humans (D:14)
  A centaur (D:8)
  A shadow imp (D:14)
  7 fungi
  11 plants (Lair:6)
28 creatures vanquished.

Grand Total: 741 creatures vanquished

Notes
Turn   | Place    | Note
-------+----------+-------------------------------------------
     0 | Abyss:1  | Mgcat the Demonspawn Abyssal Knight began the quest for the Orb.
     0 | Abyss:1  | Reached XP level 1. HP: 18/18 MP: 2/2
    45 | D:1      | Escaped the Abyss
   221 | D:1      | Reached skill level 2 in Maces & Flails
   584 | D:2      | Gained mutation: You have large cloven feet. [demonic ancestry]
   584 | D:2      | Reached XP level 2. HP: 24/24 MP: 3/3
   858 | D:2      | Gained mutation: You have hoof-like feet. [demonic ancestry]
   858 | D:2      | Reached XP level 3. HP: 24/30 MP: 4/4
  1007 | D:2      | Found an ancient bone altar of Kikubaaqudgha.
  1253 | D:2      | Found a shattered altar of Ashenzari.
  1386 | D:3      | Reached skill level 4 in Fighting
  1390 | D:3      | Reached ** piety under Lugonu
  1496 | D:3      | Reached skill level 3 in Maces & Flails
  1753 | D:3      | Found a blossoming altar of Fedhas.
  1796 | D:3      | Reached XP level 4. HP: 35/37 MP: 5/5
  2223 | D:4      | Reached XP level 5. HP: 39/43 MP: 6/6
  2255 | D:4      | Noticed a phantom
  2331 | D:4      | Killed a phantom
  2331 | D:4      | Reached skill level 5 in Fighting
  2331 | D:4      | Reached skill level 4 in Maces & Flails
  2520 | D:4      | Gained mutation: You are immune to rotting. [demonic ancestry]
  2520 | D:4      | Reached XP level 6. HP: 51/51 MP: 7/7
  2621 | D:4      | Noticed Dowan
  2625 | D:4      | Noticed Duvessa
  2649 | D:4      | Killed Dowan
  2679 | D:4      | Killed Duvessa
  2696 | D:4      | Reached skill level 6 in Fighting
  2696 | D:4      | Reached skill level 5 in Maces & Flails
  2972 | D:4      | Reached XP level 7. HP: 49/58 MP: 8/8
  3093 | D:5      | Entered Level 5 of the Dungeon
  3349 | D:5      | Reached *** piety under Lugonu
  3445 | D:5      | Found an iron altar of Okawaru.
  3694 | D:5      | Noticed a hippogriff
  3702 | D:5      | Killed a hippogriff
  3702 | D:5      | Reached skill level 7 in Fighting
  3702 | D:5      | Reached skill level 6 in Maces & Flails
  3867 | D:6      | Noticed Blork the orc
  3874 | D:6      | Killed Blork the orc
  3874 | D:6      | Gained mutation: You may emit foul miasma when damaged in melee. [demonic ancestry]
  3874 | D:6      | Reached XP level 8. HP: 66/67 MP: 9/9
  3936 | D:6      | Noticed Eustachio
  3956 | D:6      | Reached skill level 8 in Fighting
  3978 | D:6      | Killed Eustachio
  3978 | D:6      | Reached skill level 7 in Maces & Flails
  4277 | D:6      | Found a snail-covered altar of Cheibriados.
  4411 | D:6      | Noticed Sigmund
  4419 | D:6      | Killed Sigmund
  4419 | D:6      | Gained mutation: You are partially covered in slimy green scales. (AC +2) [demonic ancestry]
  4419 | D:6      | Reached XP level 9. HP: 65/75 MP: 10/10
  4533 | D:6      | Reached skill level 9 in Fighting
  4671 | D:6      | Found a sacrificial altar of Ru.
  4747 | D:7      | Reached skill level 8 in Maces & Flails
  4754 | D:7      | Reached **** piety under Lugonu
  4971 | D:7      | Found a staircase to the Ecumenical Temple.
  5222 | D:7      | Found an opulent altar of Gozag.
  5225 | D:7      | Found a sparkling altar of Nemelex Xobeh.
  5228 | D:7      | Found a stormy altar of Qazlal.
  5405 | D:7      | Found a hide-covered altar of Uskayaw.
  5529 | D:8      | Reached skill level 10 in Fighting
  5606 | D:8      | Reached skill level 9 in Maces & Flails
  5775 | D:8      | Found a radiant altar of Vehumet.
  5816 | D:8      | Found a shadowy altar of Dithmenos.
  6136 | D:8      | Noticed a two-headed ogre
  6147 | D:8      | Killed a two-headed ogre
  6147 | D:8      | Reached XP level 10. HP: 86/86 MP: 11/11
  6541 | D:9      | Reached skill level 11 in Fighting
  6652 | D:9      | Reached ***** piety under Lugonu
  6652 | D:9      | Reached skill level 10 in Maces & Flails
  6671 | D:9      | HP: 20/87 [orc warrior/mace of crushing (8)]
  6786 | D:9      | Noticed a gargoyle
  6900 | D:9      | Killed a gargoyle
  7063 | D:9      | Found Asiapsa's Gadget Shoppe.
  7067 | D:9      | Noticed a centaur warrior
  7078 | D:9      | Killed a centaur warrior
  7538 | D:9      | Found an ornate altar of the Wu Jian Council.
  7616 | D:9      | Noticed galech's ghost (novice GnWn)
  7642 | D:9      | Killed galech's ghost
  7642 | D:9      | Reached skill level 12 in Fighting
  7642 | D:9      | Reached skill level 11 in Maces & Flails
  7967 | D:10     | Entered Level 10 of the Dungeon
  8195 | D:10     | Reached XP level 11. HP: 81/95 MP: 8/12
  8204 | D:10     | Found a staircase to the Lair.
  8246 | D:10     | Noticed Nergalle
  8255 | D:10     | Noticed a two-headed ogre
  8275 | D:10     | HP: 23/95 [two-headed ogre/giant club (6)]
  8279 | D:10     | Killed a two-headed ogre
  8283 | D:10     | Killed Nergalle
  8349 | D:10     | HP: 24/96 [poisoned by a killer bee]
  8354 | D:10     | HP: 20/96 [poisoned by a killer bee]
  8359 | D:10     | HP: 17/96 [poisoned by a killer bee]
  8365 | D:10     | HP: 14/96 [poisoned by a killer bee]
  8370 | D:10     | HP: 14/96 [poisoned by a killer bee]
  8377 | D:10     | HP: 13/96 [poisoned by a killer bee]
  8385 | D:10     | HP: 14/96 [poisoned by a killer bee]
  8397 | D:10     | HP: 20/96 [wraith (5)]
  9264 | D:11     | Reached skill level 2 in Armour
  9281 | D:11     | Reached skill level 1 in Shields
  9631 | D:11     | Found a labyrinth entrance.
  9662 | Lab      | Entered a labyrinth
  9682 | Lab      | Reached skill level 2 in Shields
  9706 | Lab      | Reached skill level 3 in Armour
  9737 | Lab      | HP: 20/97 [gargoyle/morningstar of holy wrath (17)]
  9742 | Lab      | HP: 20/97 [gargoyle/morningstar of holy wrath (7)]
 10221 | Lab      | Noticed a minotaur
 10238 | Lab      | Killed a minotaur
 10238 | Lab      | Reached skill level 13 in Fighting
 10242 | Lab      | Found the +5 scythe "Finisher" {speed, Str+3}
 10471 | D:11     | Reached skill level 3 in Shields
 10882 | Lair:1   | Entered Level 1 of the Lair of Beasts
 10903 | Lair:1   | Reached skill level 12 in Maces & Flails
 10965 | Lair:1   | Reached skill level 4 in Armour
 11171 | Lair:1   | Gained mutation: You have hooves in place of feet. [demonic ancestry]
 11171 | Lair:1   | Reached XP level 12. HP: 105/105 MP: 13/13
 11282 | Lair:1   | Reached skill level 3 in Invocations
 11318 | Lair:1   | Found a dark tunnel.
 11323 | Volcano  | Entered a volcano
 11641 | Volcano  | Reached skill level 4 in Shields
 11693 | Volcano  | Found a burning altar of Makhleb.
 11693 | Volcano  | Noticed a hell hog
 11721 | Volcano  | Killed a hell hog
 11721 | Volcano  | Reached skill level 4 in Invocations
 11989 | Volcano  | Noticed a fire dragon
 12018 | Volcano  | Killed a fire dragon
 12018 | Volcano  | Reached skill level 5 in Armour
 12485 | Lair:1   | Reached skill level 5 in Invocations
 13001 | Lair:2   | Got a sparkling lead ring
 13003 | Lair:2   | Identified the ring of Hux Inouf {*Tele MR+ Int+2} (You found it on level 2 of the Lair of Beasts)
 13234 | Lair:2   | Noticed Fannar
 13263 | Lair:2   | Killed Fannar
 13263 | Lair:2   | Reached ****** piety under Lugonu
 13263 | Lair:2   | Reached skill level 6 in Invocations
 13372 | Lair:2   | Found a hole to the Spider Nest.
 13760 | Lair:2   | Reached skill level 6 in Armour
 13799 | Lair:2   | Noticed a queen ant
 13839 | Lair:2   | Killed a queen ant
 13839 | Lair:2   | Reached skill level 7 in Invocations
 14093 | Lair:3   | Noticed a five-headed hydra
 14105 | Lair:3   | Killed a five-headed hydra
 14105 | Lair:3   | Reached skill level 14 in Fighting
 14214 | Lair:3   | Reached XP level 13. HP: 97/113 MP: 18/18
 14587 | Lair:3   | Reached skill level 13 in Maces & Flails
 14599 | Lair:3   | Reached skill level 8 in Invocations
 15373 | Lair:4   | Reached skill level 7 in Armour
 15953 | Lair:4   | Found a staircase to the Swamp.
 16593 | Lair:5   | Found a viscous altar of Jiyva.
 16594 | Lair:5   | Found a staircase to the Slime Pits.
 16889 | Lair:6   | Entered Level 6 of the Lair of Beasts
 16898 | Lair:5   | Reached skill level 9 in Invocations
 17694 | Lair:6   | Reached skill level 8 in Armour
 17781 | Lair:6   | Noticed iamserjio's ghost (journeyman GrGl)
 17811 | Lair:6   | HP: 24/114 [iamserjio's ghost (13)]
 17815 | Lair:6   | Killed iamserjio's ghost
 17815 | Lair:6   | Reached skill level 10 in Invocations
 18349 | Lair:6   | Reached XP level 14. HP: 96/121 MP: 17/21
 18737 | Lair:6   | HP: 30/121 [raiju (4)]
 19168 | Lair:6   | Reached skill level 15 in Fighting
 19536 | Lair:6   | Got a wavering copper ring
 19587 | Lair:6   | Reached skill level 11 in Invocations
 19840 | Lair:6   | Identified the ring "Qoam" {rN+ Int+2} (You found it on level 6 of the Lair of Beasts)
 20263 | D:12     | Found a staircase to the Orcish Mines.
 20330 | D:12     | Found a portal to a secret trove of treasure.
 20651 | D:12     | HP: 20/123 [very large slime creature (32)]
 21005 | D:12     | Reached skill level 14 in Maces & Flails
 21005 | D:12     | Reached skill level 9 in Armour
 21359 | Orc:1    | Entered Level 1 of the Orcish Mines
 21493 | Orc:1    | Noticed an orc warlord
 21511 | Orc:1    | Killed an orc warlord
 21524 | Orc:1    | HP: 27/123 [orc warrior/war axe[an orc warlord] (4)]
 21980 | Orc:1    | HP: 25/123 [orc knight/battleaxe (16)]
 22806 | Orc:2    | Entered Level 2 of the Orcish Mines
 22821 | Orc:2    | Noticed a stone giant
 22833 | Orc:2    | Killed a stone giant
 22833 | Orc:2    | Reached skill level 12 in Invocations
 23527 | Orc:2    | Found a staircase to the Elven Halls.
 24581 | Orc:2    | Reached skill level 10 in Armour
 24706 | Orc:2    | Found Geruuvoth's Magic Scroll Emporium.
 24706 | Orc:2    | Found Ivvya's General Store.
 24707 | Orc:2    | Found Zuivia's Armour Emporium.
 24707 | Orc:2    | Found Juarug's Jewellery Shoppe.
 24717 | Orc:2    | Bought a cursed amulet of inaccuracy for 34 gold pieces
 24717 | Orc:2    | Bought a cursed -2 ring of evasion for 34 gold pieces
 24723 | Orc:2    | Bought the +5 ring mail of Levity {Dex+4} for 621 gold pieces
 24737 | Orc:2    | Bought a scroll of blinking for 112 gold pieces
 24737 | Orc:2    | Bought a scroll of enchant weapon for 112 gold pieces
 24737 | Orc:2    | Bought 3 scrolls of blinking for 337 gold pieces
 24737 | Orc:2    | Bought a scroll of brand weapon for 300 gold pieces
 24737 | Orc:2    | Bought a scroll of noise for 15 gold pieces
 24737 | Orc:2    | Bought a scroll of enchant armour for 112 gold pieces
 24737 | Orc:2    | Bought a scroll of enchant armour for 112 gold pieces
 24737 | Orc:2    | Bought a scroll of enchant weapon for 112 gold pieces
 25131 | D:13     | Gained mutation: You frequently emit foul miasma when damaged in melee. [demonic ancestry]
 25131 | D:13     | Reached XP level 15. HP: 118/130 MP: 21/24
 25152 | D:13     | Found Tauhuasu's Gadget Shoppe.
 25263 | D:13     | HP: 17/130 [large slime creature (19)]
 25263 | D:13     | HP: 8/130 [slime creature (9)]
 25268 | D:13     | HP: 20/130 [slime creature (8)]
 25269 | D:13     | HP: 3/130 [slime creature (9)]
 25803 | D:13     | Reached skill level 13 in Invocations
 26328 | D:14     | Noticed Frances
 26340 | D:14     | HP: 30/130 [hellwing[Frances] (6)]
 26769 | D:14     | Reached skill level 16 in Fighting
 27214 | D:14     | Reached skill level 1 in Dodging
 27247 | D:14     | HP: 28/131 [Frances/trident (13)]
 27249 | D:14     | Killed Frances
 27669 | D:14     | Reached skill level 2 in Dodging
 27684 | D:14     | HP: 32/131 [centaur/arrow[a centaur warrior] (2)]
 27691 | D:14     | HP: 31/131 [hungry ghost (3)]
 28298 | D:14     | Found a basalt altar of Yredelemnul.
 28338 | D:14     | Noticed Kirke
 28359 | D:14     | Killed Kirke
 28359 | D:14     | Reached skill level 3 in Dodging
 28384 | D:14     | HP: 32/132 [poisoned by a green ugly thing]
 28385 | D:14     | HP: 11/132 [cyan ugly thing (6)]
 28385 | D:14     | HP: 5/132 [cyan ugly thing (6)]
 28386 | D:14     | Succumbed to a green ugly thing's poison

Vault maps used:
D:1:      minmay_arrival_solitary_statue
D:2:      ashenzari_conservatory_becter, overflow_temple_1_default,
          serial_bayou_crossing
D:3:      lemuel_round_altar, first_ration
D:4:      uniq_duvessa
D:5:      okawaru_trees_1
D:6:      kennysheep_mini, kennysheep_little_box, uniq_blork_the_orc,
          uniq_eustachio, uniq_sigmund
D:7:      nicolae_overflow_crystal_walls, minmay_overflow_temple_star_quad,
          minmay_temple_entry_glassed_door, serial_corexii_hall,
          corexii_hall_statues_i, corexii_hall_statues_s
D:8:      grunt_dithmenos_smoke_and_mirrors, vehumet_statue
D:9:      minmay_distorted_concentric_squares, kennysheep_mini_moat,
          serial_shops, nicolae_shop_statue_plus, hangedman_little_slice_of_home
D:10:     lair_entry_dummy, st_stairs_9, uniq_nergalle
D:11:     lab_entry_generic, unseen_surprise_small
D:12:     david_orc_4, enter_trove_3
D:13:     serial_shops, shop, minivault_1, minivault_16
D:14:     lightli_vaults_fourway_checkpoint, hangedman_decor_cross_pass,
          kennysheep_inner_square, uniq_frances, uniq_kirke
Lair:1:   enter_volcano_4, minivault_23
Lair:2:   spider_nest_entry_funnel_web, minivault_23, minmay_lair_oklob_items,
          zaba_antful_of_joy, lemuel_fruit_tree, serial_bayou_shore_b,
          uniq_fannar
Lair:4:   minmay_swamp_entry_wisps
Lair:5:   slime_altar_1
Lair:6:   hangedman_lair_caniforms_friends
Orc:2:    st_orc_pillars
Lab:      nicolae_lab_x, lab_hedge, labyrinth_skeletal_remains
Volcano:  volcano_lake

Skill      XL: |  1  2  3  4  5  6  7  8  9 10 11 12 13 14 15 |
---------------+----------------------------------------------+-----
Maces & Flails | 2 3 4 5 6 7 9 11 12 13 14 | 14.2
Fighting       | 4 5 6 7 8 10 12 13 14 15 16 | 16.3
Armour         | 4 6 8 10 | 10.8
Shields        | 3 4 |  4.0
Invocations    | 7 10 12 13 | 13.3
Dodging        | 3 |  3.1

Action                   |  1- 3 |  4- 6 |  7- 9 | 10-12 | 13-15 || total
-------------------------+-------+-------+-------+-------+-------++-------
Melee: Mace              |   102 |   105 |   167 |   715 |  1192 ||  2281
       Kick              |     6 |       |       |   146 |   667 ||   819
       Morningstar       |       |       |   270 |   338 |       ||   608
       Great mace        |       |       |       |       |   360 ||   360
       Unarmed           |       |       |       |       |    18 ||    18
Throw: Throwing net      |       |       |       |     1 |       ||     1
Invok: Bend Space        |       |       |       |     1 |     6 ||     7
       Banish            |       |       |       |       |     4 ||     4
Evoke: Wand              |       |       |     4 |    35 |    15 ||    54
       Fan of gales      |       |       |       |       |     1 ||     1
  Use: Scroll            |     7 |     6 |     2 |    14 |    17 ||    46
       Potion            |       |     1 |     1 |    15 |    15 ||    32
 Stab: Paralysed         |       |       |    12 |     4 |       ||    16
       Invisible         |       |       |       |     5 |       ||     5
       Confused          |       |       |       |     1 |     1 ||     2
       Distracted        |       |       |       |       |     2 ||     2
       Petrifying        |       |       |       |       |     1 ||     1
  Eat: Chunk             |     3 |     4 |    11 |    21 |    33 ||    72
       Ration            |       |       |       |     7 |     5 ||    12
Armor: Ring mail         |    41 |    87 |   244 |   453 |   674 ||  1499
       Leather armour    |     5 |       |       |       |       ||     5
Dodge: Dodged            |    52 |    79 |   225 |   484 |   816 ||  1656
Block: Buckler           |       |       |       |    70 |   207 ||   277

Table legend:
 A = Spawn XP
 B = Non-spawn XP
 C = Spawn XP percentage of total XP
 D = Spawn monster count
 E = Non-spawn monster count
 F = Spawn count percentage of total count
 G = Total turns spent on level
                    A         B        C        D         E        F      G
               +---------+---------+-------+---------+---------+-------+---------
         Total |       0 |  131934 |   0.0 |       0 |     714 |   0.0 | 28386
               +---------+---------+-------+---------+---------+-------+---------
           D:1 |       0 |       6 |   0.0 |       0 |       4 |   0.0 |   498
           D:2 |       0 |      76 |   0.0 |       0 |      20 |   0.0 |   802
           D:3 |       0 |      19 |   0.0 |       0 |      12 |   0.0 |   792
           D:4 |       0 |     657 |   0.0 |       0 |      20 |   0.0 |   956
           D:5 |       0 |     638 |   0.0 |       0 |      15 |   0.0 |   738
           D:6 |       0 |    1538 |   0.0 |       0 |      26 |   0.0 |   873
           D:7 |       0 |    1114 |   0.0 |       0 |      24 |   0.0 |   770
           D:8 |       0 |    2561 |   0.0 |       0 |      33 |   0.0 |  1343
           D:9 |       0 |    3717 |   0.0 |       0 |      34 |   0.0 |  1256
          D:10 |       0 |    3743 |   0.0 |       0 |      19 |   0.0 |  1172
          D:11 |       0 |    2523 |   0.0 |       0 |      24 |   0.0 |  1068
          D:12 |       0 |    5410 |   0.0 |       0 |      44 |   0.0 |  1939
          D:13 |       0 |    8327 |   0.0 |       0 |      34 |   0.0 |  2251
          D:14 |       0 |   21785 |   0.0 |       0 |      53 |   0.0 |  1273
        Lair:1 |       0 |    5586 |   0.0 |       0 |      21 |   0.0 |  1069
        Lair:2 |       0 |    6830 |   0.0 |       0 |      44 |   0.0 |  1262
        Lair:3 |       0 |    7463 |   0.0 |       0 |      18 |   0.0 |  1295
        Lair:4 |       0 |    3952 |   0.0 |       0 |      18 |   0.0 |   842
        Lair:5 |       0 |    3498 |   0.0 |       0 |      11 |   0.0 |   957
        Lair:6 |       0 |   26006 |   0.0 |       0 |      95 |   0.0 |  2776
         Orc:1 |       0 |    6295 |   0.0 |       0 |      49 |   0.0 |   860
         Orc:2 |       0 |   12708 |   0.0 |       0 |      72 |   0.0 |  2016
           Lab |       0 |    2815 |   0.0 |       0 |       5 |   0.0 |   609
       Volcano |       0 |    4667 |   0.0 |       0 |      19 |   0.0 |   924
               +---------+---------+-------+---------+---------+-------+---------

Vault maps used:
D:1:      minmay_arrival_solitary_statue
D:2:      ashenzari_conservatory_becter, overflow_temple_1_default,
          serial_bayou_crossing
D:3:      lemuel_round_altar, first_ration
D:4:      uniq_duvessa
D:5:      okawaru_trees_1
D:6:      kennysheep_mini, kennysheep_little_box, uniq_blork_the_orc,
          uniq_eustachio, uniq_sigmund
D:7:      nicolae_overflow_crystal_walls, minmay_overflow_temple_star_quad,
          minmay_temple_entry_glassed_door, serial_corexii_hall,
          corexii_hall_statues_i, corexii_hall_statues_s
D:8:      grunt_dithmenos_smoke_and_mirrors, vehumet_statue
D:9:      minmay_distorted_concentric_squares, kennysheep_mini_moat,
          serial_shops, nicolae_shop_statue_plus, hangedman_little_slice_of_home
D:10:     lair_entry_dummy, st_stairs_9, uniq_nergalle
D:11:     lab_entry_generic, unseen_surprise_small
D:12:     david_orc_4, enter_trove_3
D:13:     serial_shops, shop, minivault_1, minivault_16
D:14:     lightli_vaults_fourway_checkpoint, hangedman_decor_cross_pass,
          kennysheep_inner_square, uniq_frances, uniq_kirke
Lair:1:   enter_volcano_4, minivault_23
Lair:2:   spider_nest_entry_funnel_web, minivault_23, minmay_lair_oklob_items,
          zaba_antful_of_joy, lemuel_fruit_tree, serial_bayou_shore_b,
          uniq_fannar
Lair:4:   minmay_swamp_entry_wisps
Lair:5:   slime_altar_1
Lair:6:   hangedman_lair_caniforms_friends
Orc:2:    st_orc_pillars
Lab:      nicolae_lab_x, lab_hedge, labyrinth_skeletal_remains
Volcano:  volcano_lake

Table legend:
 A = Turns spent in this place as a percentage of turns spent in the entire game.
 B = Non-inter-level travel turns spent in this place as a percentage of non-inter-level travel turns spent in the entire game.
 C = Inter-level travel turns spent in this place as a percentage of turns spent in this place.
 D = Turns resting spent in this place as a percentage of non-inter-level travel turns spent in this place.
 E = Turns spent auto-exploring this place as a percentage of non-inter-level travel turns spent in this place.
 F = Non-inter-level travel turns spent in this place divided by the number of levels of this place that you've seen.
                   A       B       C       D       E      F
               +-------+-------+-------+-------+-------+----------------------
         Total | 100.0 | 100.0 |   4.0 |   5.7 |  67.8 | 1090.3
       Dungeon |  55.4 |  54.9 |   4.8 |   8.4 |  70.2 | 1069.6
          Lair |  28.9 |  29.0 |   3.7 |   3.1 |  70.6 | 1316.8
  Orcish Mines |  10.1 |  10.3 |   2.5 |   0.7 |  63.8 | 1402.5
         Abyss |   0.2 |   0.2 |   0.0 |   0.0 |  91.1 |  45.0
     Labyrinth |   2.1 |   2.2 |   0.0 |   0.0 |   0.0 | 609.0
       Volcano |   3.3 |   3.4 |   0.0 |   4.0 |  58.4 | 924.0
               +-------+-------+-------+-------+-------+----------------------

Table legend:
 A = Kills in this place as a percentage of kills in entire the game.
 B = Kills by you in this place as a percentage of kills by you in the entire game.
 C = Kills by friends in this place as a percentage of kills by friends in the entire game.
 D = Other kills in this place as a percentage of other kills in the entire game.
 E = Experience gained in this place as a percentage of experience gained in the entire game.
 F = Experience gained in this place divided by the number of levels of this place that you have seen.
                   A       B       C       D       E      F
               +-------+-------+-------+-------+-------+----------------------
         Total | 100.0 | 100.0 | 100.0 | 100.0 | 100.0 | 5277.4
       Dungeon |  50.7 |  51.5 |   0.0 |  12.5 |  39.5 | 3722.4
          Lair |  29.0 |  28.2 | 100.0 |  50.0 |  40.4 | 8889.2
  Orcish Mines |  16.9 |  16.8 |   0.0 |  37.5 |  14.4 | 9501.5
     Labyrinth |   0.7 |   0.7 |   0.0 |   0.0 |   2.1 | 2815.0
       Volcano |   2.7 |   2.7 |   0.0 |   0.0 |   3.5 | 4667.0
               +-------+-------+-------+-------+-------+----------------------
